 Dungeon Crawl Stone Soup version 0.29-a0-330-g52719c12eb (webtiles) character file.

Game seed: 14166042984967996038

564 Ajdolov the Spear-Bearer (level 7, -1/57 HPs)
             Began as a Merfolk Fighter on Apr 24, 2022.
             Was an Initiate of Fedhas.
             Slain by an ogre
             ... wielding a +0 giant spiked club
              (23 damage)
             ... on level 5 of the Dungeon.
             The game lasted 00:05:39 (3901 turns).

Ajdolov the Spear-Bearer (Merfolk Fighter)          Turns: 3901, Time: 00:05:39

Health: -1/57      AC:  8    Str: 18    XL:     7   Next: 32%
Magic:  7/7        EV:  9    Int:  7    God:    Fedhas [......]
Gold:   202        SH:  0    Dex: 14    Spells: 6/6 levels left

rFire   . . .      SeeInvis .   a - +0 trident
rCold   . . .      Faith    .   (no shield)
rNeg    . . .      Spirit   .   b - +0 scale mail
rPois   .          Reflect  .   j - +0 helmet
rElec   .          Harm     .   (no cloak)
rCorr   .          Rampage  .   (no gloves)
Will    .....                   p - +0 pair of boots
Stlth   ..........              (no amulet)
HPRegen 0.19/turn               (no ring)
MPRegen 0.10/turn               (no ring)

@: no status effects
A: (nimble swimmer 2), mertail
a: Renounce Religion


You were on level 5 of the Dungeon.
You worshipped Fedhas.
Fedhas was noncommittal.
You visited 2 branches of the dungeon, and saw 6 of its levels.

You collected 202 gold pieces.

Inventory:

Hand Weapons
 a - a +0 trident (weapon)
Armour
 b - a +0 scale mail (worn)
 c - a +0 buckler
 j - a +0 helmet (worn)
 p - a +0 pair of boots (worn)
Scrolls
 e - 2 scrolls of amnesia {unknown}
 f - 3 scrolls of enchant armour {unknown}
 g - a scroll of immolation {unknown}
 h - a scroll of silence {unknown}
 i - 4 scrolls of identify {unknown}
 k - 2 scrolls of enchant weapon {unknown}
 n - a scroll of blinking {unknown}
 o - a scroll of noise {unknown}
 s - a scroll of fog {unknown}
 t - a scroll of teleportation {unknown}
 u - a scroll of magic mapping {unknown}
Potions
 d - a potion of might
 l - a potion of flight {unknown}
 m - 3 potions of lignification {unknown}
 q - a potion of heal wounds {unknown}
 r - a potion of ambrosia {unknown}


   Skills:
 + Level 5.7 Fighting
 * Level 8.6 Polearms
 - Level 2.1 Armour
 - Level 3.0 Shields


You had 6 spell levels left.
You didn't know any spells.
Your spell library contained the following spells:

 Spells                   Type           Power      Damage    Failure   Level
 Ozocubu's Armour         Ice            0%         N/A       99%         3
 Olgreb's Toxic Radiance  Pois           0%         N/A       100%        4
 Ozocubu's Refrigeration  Ice            0%         4d5       100%        7
 Ignition                 Fire           0%         3d3       100%        8


Dungeon Overview and Level Annotations

Branches:
Dungeon (5/15)             Temple (1/1) D:4

Altars:
Ashenzari
Fedhas
Gozag
Hepliaklqana
Kikubaaqudgha
Makhleb
Nemelex Xobeh
Okawaru
Sif Muna
Trog
Uskayaw
Vehumet
Wu Jian
The Shining One

Shops:
D:4 *


Innate Abilities, Weirdness & Mutations

((You are very nimble when in or above water. (Stealth+, EV+, Speed+++)))
Your lower body shifts to a powerful aquatic tail in water.


Message History

You climb downwards.
There is a stone staircase leading up here.
There is an open door here.
There is an open door here.
A centaur comes into view.
The centaur shouts!
The centaur wields a +0 shortbow.
The centaur shoots an arrow.
The arrow barely misses you.
You hear a shout!
Found a scroll labelled JAFFYT VAYV.
The centaur shoots an arrow.
The arrow hits you.
An ogre comes into view. It is wielding a +0 giant spiked club.
You closely miss the hound.
The centaur shoots an arrow.
The arrow hits you. The hound closely misses you.
The centaur shoots an arrow.
The arrow hits you.
You puncture the hound!
The hound is heavily wounded.
The hound bites you.
The centaur shoots an arrow.
The arrow barely misses you.
An orc comes into view.
It is wielding a +0 short sword and wearing the +12 chain mail "Kuekyxol" {+Inv Fly Str+4}.
The orc shouts!
You hit the hound.
The hound is severely wounded.
The hound bites you.
The centaur shoots an arrow.
The arrow hits you but does no damage. The hound bites you but does no damage.
You hit the hound.
You kill the hound!
Fedhas appreciates your contribution to the ecosystem.
The centaur shoots an arrow.
The arrow hits you.
The orc throws a stone.
The stone misses you.
The centaur shoots an arrow.
The arrow hits you!
You reach to attack!
You closely miss the ogre.
The centaur shoots an arrow.
The arrow hits you.
The centaur shoots an arrow.
The arrow hits you. The orc barely misses you. The orc barely misses you.
The centaur shoots an arrow.
The arrow hits you.
The centaur shoots an arrow.
The arrow closely misses you. The orc completely misses you.
The centaur shoots an arrow.
The arrow hits you! The ogre attacks as you move away!
The ogre hits you with a +0 giant spiked club!!
You die...
Fedhas appreciates your contribution to the ecosystem.

.....?.... . ....... . #...#
############## #
####...####....##...##.####
................#<..........
..........c.....#...........
................#...........
.#########Oo.#######.##.####
...##.@.##.#######'####
..............#.........
..............#.........
..............#.........
..............'.........
..............#.........
..............#.........
..##############+######'
.....#..####..


You could see an ogre, a centaur and an orc.

Vanquished Creatures
  A water moccasin (D:5)
  A phantom (D:3)
  A scorpion (D:5)
  4 hounds (D:5)
  An orc wizard (D:3)
  2 adders
  4 gnolls (D:5)
  A shadow imp (D:5)
  2 dart slugs
  19 orcs
  4 endoplasms
  4 giant cockroaches
  11 goblins
  14 hobgoblins
  3 jackals
  2 ball pythons
  7 bats
  3 frilled lizards
  14 kobolds
  5 rats
103 creatures vanquished.

Notes
Turn   | Place    | Note
-------+----------+-------------------------------------------
     0 | D:1      | Ajdolov the Merfolk Fighter began the quest for the Orb.
     0 | D:1      | Reached XP level 1. HP: 18/18 MP: 1/1
   125 | D:1      | Reached skill level 3 in Polearms
   168 | D:1      | Reached XP level 2. HP: 24/24 MP: 2/2
   421 | D:1      | Reached skill level 4 in Polearms
   464 | D:1      | Reached XP level 3. HP: 27/30 MP: 3/3
   854 | D:2      | Found a faded altar of an unknown god.
  1390 | D:2      | Identified the +6 falchion of the Gnashing Messenger
                  | {drain, rPois rC++ Int-3 Dex+3}
  1612 | D:3      | Noticed a phantom
  1621 | D:3      | Killed a phantom
  1622 | D:3      | Reached skill level 5 in Polearms
  1622 | D:3      | Reached XP level 4. HP: 21/38 MP: 4/4
  1622 | D:3      | Reached XP level 5. HP: 24/43 MP: 5/5
  1919 | D:3      | Reached skill level 6 in Polearms
  2655 | D:4      | Found a staircase to the Ecumenical Temple.
  2677 | D:4      | Found Busaler's Assorted Antiques.
  2695 | D:5      | Entered Level 5 of the Dungeon
  2838 | D:5      | Found a burning altar of Makhleb.
  2838 | D:5      | Noticed a water moccasin
  2879 | D:5      | Reached XP level 6. HP: 45/50 MP: 6/6
  2920 | D:5      | Killed a water moccasin
  2921 | D:5      | Reached skill level 5 in Fighting
  2921 | D:5      | Reached skill level 7 in Polearms
  3151 | D:5      | Identified the +1 robe of Dishonesty {-Tele Fly rElec
                  | Stlth+}
  3268 | D:5      | Reached skill level 8 in Polearms
  3268 | D:5      | Reached XP level 7. HP: 50/56 MP: 7/7
  3793 | Temple   | Entered the Ecumenical Temple
  3846 | Temple   | Became a worshipper of Fedhas Madash
  3891 | D:5      | Identified the +12 chain mail "Kuekyxol" {+Inv Fly Str+4}
  3901 | D:5      | Slain by an ogre

Illustrated notes

Levels and vault maps discovered:
D:1:      sevenhm_arrival_forest_fort_small_1, layout_rooms, st_stairs_5
D:2:      layout_loops_corners, ebering_ecumenical_altar_petrified
D:3:      layout_loops_ring
D:4:      layout_cave_pools, minmay_temple_entry_from_below_a,
          nicolae_stop_n_shop_1, serial_bayou_pond_c
D:5:      corexii_shantytown, layout_gridville, minmay_ruined_shrine
Temple:   mainiacjoe_temple_coin_purse

Skill      XL: |  1  2  3  4  5  6 |
---------------+-------------------+-----
Polearms       | 3 4 5 6 8 |  8.6
Fighting       | 4 5 |  5.7
Armour         | |  2.1
Shields        | |  3.0

Action                   |  1- 3 |  4- 6 |  7- 9 || total
-------------------------+-------+-------+-------++-------
Melee: Trident           |   129 |   125 |    71 ||   325
       Punch             |     1 |       |     2 ||     3
  Use: Potion            |       |     1 |       ||     1
Armor: Scale mail        |    52 |    41 |    19 ||   112
Dodge: Dodged            |    57 |    40 |    33 ||   130
Block: Buckler           |     8 |       |       ||     8

Table legend: (Time is in decaauts)
 A = Elapsed time spent in this place.
 B = Non-inter-level travel time spent in this place.
 C = Inter-level travel time spent in this place.
 D = Time resting spent in this place.
 E = Time spent auto-exploring this place.
 F = Levels seen in this place.
 G = Mean time per level.
                   A        B        C        D        E       F      G
               +--------+--------+--------+--------+--------+-----+--------+
         Total |   3906 |   3788 |    118 |    252 |   2756 |   6 |  651.0 |
       Dungeon |   3843 |   3729 |    114 |    252 |   2717 |   5 |  768.6 |
        Temple |     62 |     58 |      4 |      0 |     39 |   1 |   62.0 |
               +--------+--------+--------+--------+--------+-----+--------+

Top non-repeatable levels by time:
     D:5: 1112 daAuts
     D:3: 1034 daAuts
     D:2: 983 daAuts
     D:1: 642 daAuts
     D:4: 70 daAuts
  Temple: 62 daAuts
